[Event "ICC tourney 2316 (120 10)"]
[Site "Internet Chess Club"]
[Date "2021.01.16"]
[Round "2"]
[White "yanzhe"]
[Black "greenninja"]
[Result "0-1"]
[ICCResult "White checkmated"]
[WhiteElo "1929"]
[BlackElo "2025"]
[Opening "Grünfeld: Russian, Alekhine (Hungarian) variation"]
[ECO "D97"]
[NIC "GI.10"]
[Time "16:17:26"]
[PlyCount "120"]
[TimeControl "7200+10"]

1. d4 Nf6 2. c4 g6 3. Nc3 d5 4. Nf3 Bg7 5. Qb3 dxc4 6. Qxc4 O-O 7. e4 a6 8.
Be2 b5 9. Qd3 Bb7 10. a3 c5 11. dxc5 Qxd3 12. Bxd3 Nbd7 13. Be3 Rac8 14. b4
Nxe4 15. Bxe4 Bxc3+ 16. Bd2 Bxa1 17. Bxb7 Rc7 18. Bxa6 Rb8 19. O-O Bf6 20.
Rd1 Ra7 21. Bf4 e5 22. Be3 Nxc5 23. Bxb5 Rxb5 24. bxc5 Rxa3 25. g3 e4 26.
Nd2 Rb4 27. Kg2 Rc3 28. Ra1 Rxe3 29. Ra8+ Kg7 30. fxe3 Rb2 31. c6 Rxd2+ 32.
Kh3 Rc2 33. Ra4 Rxc6 34. Rxe4 Re6 35. Ra4 Rxe3 36. Ra6 h5 37. Rb6 Re2 38.
Rd6 g5 39. g4 Rxh2+ 40. Kxh2 Be5+ 41. Kh3 Bxd6 42. gxh5 f5 43. Kg2 g4 44.
Kf2 f4 45. Kg2 f3+ 46. Kf2 Be5 47. Kg1 g3 48. Kf1 Bd4 49. Ke1 g2 50. h6+
Kxh6 51. Kd2 g1=Q 52. Kc2 Qe3 53. Kd1 Qe2+ 54. Kc1 Be3+ 55. Kb1 Kg5 56. Ka1
Kf5 57. Kb1 Ke4 58. Ka1 Kd3 59. Kb1 Qc2+ 60. Ka1 Bd4# { White checkmated }
0-1

[Event "ICC tourney 2316 (120 10)"]
[Site "Internet Chess Club"]
[Date "2021.01.16"]
[Round "2"]
[White "Kingforce"]
[Black "xcelswimmer"]
[Result "0-1"]
[ICCResult "White checkmated"]
[WhiteElo "2017"]
[BlackElo "1937"]
[Opening "French: Schlechter variation"]
[ECO "C01"]
[NIC "FR.01"]
[Time "16:17:21"]
[PlyCount "68"]
[TimeControl "7200+10"]

1. e4 e6 2. d4 d5 3. Bd3 dxe4 4. Bxe4 Nf6 5. Bf3 c5 6. Ne2 Nc6 7. Be3 cxd4
8. Nxd4 Ne5 9. Nc3 Bb4 10. Nb5 Nxf3+ 11. Qxf3 a6 12. Rd1 Qe7 13. Nd4 O-O
14. O-O e5 15. Nb3 Bg4 16. Nd5 Nxd5 17. Qxg4 Nxe3 18. fxe3 Rfd8 19. Rd3
Rxd3 20. cxd3 Rd8 21. Qe4 b5 22. Rc1 g6 23. a3 Bd6 24. Na5 Rd7 25. Qa8+ Kg7
26. Nc6 Qg5 27. Kf2 Qh4+ 28. Kg1 Bc5 29. d4 exd4 30. Ne5 dxe3 31. Nf3 e2+
32. Kh1 Rd1+ 33. Rxd1 exd1=Q+ 34. Ng1 Qxg1# { White checkmated } 0-1

[Event "ICC tourney 2316 (120 10)"]
[Site "Internet Chess Club"]
[Date "2021.01.16"]
[Round "2"]
[White "blueeagle405"]
[Black "RogerZ"]
[Result "1-0"]
[ICCResult "Black resigns"]
[WhiteElo "1998"]
[BlackElo "1930"]
[Opening "King's Indian: orthodox, Aronin-Taimanov, bayonet attack"]
[ECO "E97"]
[NIC "KI.04"]
[Time "16:17:23"]
[PlyCount "83"]
[TimeControl "7200+10"]

1. d4 Nf6 2. c4 g6 3. Nc3 Bg7 4. e4 d6 5. Be2 O-O 6. Nf3 e5 7. O-O Nc6 8.
d5 Ne7 9. b4 Nh5 10. g3 f5 11. Ng5 Nf6 12. Bf3 h6 13. Ne6 Bxe6 14. dxe6 c6
15. Bg2 fxe4 16. b5 d5 17. cxd5 cxd5 18. Ba3 Re8 19. Qb3 Nf5 20. e7 Nxe7
21. Nxe4 Nxe4 22. Bxe4 Kh7 23. Bxe7 Rxe7 24. Bxd5 Rc8 25. Rad1 Qb6 26. Be4
Rc5 27. Qd3 Re6 28. h4 h5 29. Qf3 Kh8 30. Rd7 Rf6 31. Qd1 Rxb5 32. Rxb7 Qc5
33. Qd8+ Kh7 34. Qxf6 Rxb7 35. Qxg6+ Kg8 36. Bxb7 Kf8 37. Rd1 Qc7 38. Bc6
Qe7 39. Rb1 Qc7 40. Rb7 Qxb7 41. Bxb7 e4 42. Bd5 { Black resigns } 1-0

[Event "ICC tourney 2316 (120 10)"]
[Site "Internet Chess Club"]
[Date "2021.01.16"]
[Round "2"]
[White "AlexW2007"]
[Black "ahu1015"]
[Result "1/2-1/2"]
[ICCResult "Game drawn by mutual agreement"]
[WhiteElo "2083"]
[BlackElo "1993"]
[Opening "Neo-Grünfeld, 6.O-O"]
[ECO "D77"]
[NIC "GI.02"]
[Time "16:17:57"]
[PlyCount "39"]
[TimeControl "7200+10"]

1. d4 Nf6 2. c4 g6 3. Nf3 Bg7 4. g3 O-O 5. Bg2 d5 6. O-O Na6 7. Qb3 c5 8.
dxc5 Nxc5 9. Qa3 Nce4 10. cxd5 Re8 11. Nbd2 Qxd5 12. Nxe4 Qxe4 13. Be3 Ng4
14. Nd4 Qe5 15. Rfd1 Nxe3 16. Qxe3 Qxe3 17. fxe3 Bg4 18. h3 Bxd4 19. Rxd4
Be6 20. Rc1 { Game drawn by mutual agreement } 1/2-1/2

[Event "ICC tourney 2316 (120 10)"]
[Site "Internet Chess Club"]
[Date "2021.01.16"]
[Round "2"]
[White "creepycrawlies"]
[Black "GGuseinov"]
[Result "0-1"]
[ICCResult "White resigns"]
[WhiteElo "2187"]
[BlackElo "2715"]
[Opening "King's Indian: fianchetto, lesser Simagin (Spassky) variation"]
[ECO "E62"]
[NIC "KI.72"]
[Time "16:17:56"]
[PlyCount "130"]
[TimeControl "7200+10"]

1. d4 d6 2. Nf3 Nf6 3. c4 g6 4. g3 Bg7 5. Bg2 O-O 6. Nc3 Nc6 7. O-O Bf5 8.
d5 Na5 9. Nd2 c6 10. b4 Nxc4 11. Nxc4 Nxd5 12. Nxd5 Bxa1 13. Bh6 Bg7 14.
Bxg7 Kxg7 15. Nde3 Bc8 16. Qd4+ f6 17. Rd1 d5 18. b5 Qc7 19. Nb2 Qb6 20.
bxc6 Qxd4 21. Rxd4 bxc6 22. Na4 Rb8 23. h4 Rb5 24. Nd1 Ra5 25. Ndb2 Ba6 26.
Rd2 Rb8 27. Rc2 Rb4 28. Rxc6 Bb5 29. Rc5 d4 30. Bc6 Bxa4 31. Rxa5 Bxc6 32.
Rc5 Be4 33. Nd3 Bxd3 34. exd3 Rb1+ 35. Kg2 Rd1 36. Rc7 Kf7 37. Rxa7 Rxd3
38. a4 Ra3 39. a5 Ke6 40. a6 h6 41. Kf1 g5 42. hxg5 hxg5 43. g4 Ra2 44. Ke1
Kd6 45. Kf1 d3 46. Ke1 Re2+ 47. Kf1 Ra2 48. Ke1 Ke6 49. Ra8 Ke5 50. Rd8 Ke4
51. Rd7 Rxa6 52. Rxe7+ Kf4 53. Rd7 Ra1+ 54. Kd2 Ra2+ 55. Ke1 d2+ 56. Kd1
Kxg4 57. Rd3 f5 58. Rg3+ Kf4 59. Rb3 Kg4 60. Rg3+ Kh4 61. Rb3 f4 62. Rf3
Rb2 63. Ra3 g4 64. Rc3 g3 65. fxg3+ fxg3 { White resigns } 0-1

[Event "ICC tourney 2316 (120 10)"]
[Site "Internet Chess Club"]
[Date "2021.01.16"]
[Round "2"]
[White "Heliosis"]
[Black "pawnpush202044"]
[Result "1-0"]
[ICCResult "Black resigns"]
[WhiteElo "1913"]
[BlackElo "1892"]
[Opening "Sicilian: Canal-Sokolsky attack, Sokolsky variation"]
[ECO "B52"]
[NIC "SI.01"]
[Time "16:17:27"]
[PlyCount "145"]
[TimeControl "7200+10"]

1. e4 c5 2. Nf3 d6 3. Bb5+ Bd7 4. Bxd7+ Qxd7 5. c4 Nc6 6. d4 cxd4 7. Nxd4
Nf6 8. Nc3 g6 9. f3 Bg7 10. Be3 Rc8 11. b3 O-O 12. O-O e6 13. Rc1 Rfd8 14.
Qd2 b6 15. Rfd1 Nxd4 16. Bxd4 Qb7 17. Qf2 Qe7 18. Rc2 Ne8 19. Bxg7 Kxg7 20.
Rcd2 Rd7 21. Rd3 Rcd8 22. Qd2 Nc7 23. Qe2 Qg5 24. Qf2 Kf8 25. f4 Qc5 26.
Qxc5 bxc5 27. Kf2 Ke7 28. g4 f6 29. f5 e5 30. Rf3 g5 31. Rh3 Kf8 32. Rdd3
Kg7 33. Rh5 h6 34. h4 Rf7 35. hxg5 fxg5 36. Ne2 Rf6 37. Rdh3 a5 38. Rh1 Ne8
39. Ng3 Rb8 40. R5h3 Kh7 41. Ne2 Kg7 42. Nc3 Nc7 43. Ne2 Kh7 44. Rd3 Ne8
45. Nc3 Nc7 46. Rhd1 Rd8 47. Kg3 Kg7 48. Nd5 Nxd5 49. Rxd5 a4 50. Rxc5 axb3
51. axb3 Rb8 52. Rc7+ Rf7 53. Rxf7+ Kxf7 54. Rd3 Ke7 55. Kf3 Rb7 56. Ke2
Rb8 57. Kd2 Rb6 58. Kc3 Rb8 59. Rh3 Rh8 60. Rh5 Kd7 61. b4 Kc6 62. Rh2 Rh7
63. b5+ Kb6 64. Kb4 Kb7 65. c5 dxc5+ 66. Kxc5 Kc7 67. b6+ Kb8 68. Kc6 Rh8
69. Kd6 Kb7 70. Kxe5 Kxb6 71. f6 Kc7 72. f7 Kd7 73. Kf6 { Black resigns }
1-0

[Event "ICC tourney 2316 (120 10)"]
[Site "Internet Chess Club"]
[Date "2021.01.16"]
[Round "2"]
[White "Yucheng"]
[Black "yqd123yqd456"]
[Result "1-0"]
[ICCResult "Black resigns"]
[WhiteElo "1889"]
[BlackElo "2366"]
[Opening "King's Indian: Averbakh system"]
[ECO "E73"]
[NIC "KI.26"]
[Time "16:17:29"]
[PlyCount "91"]
[TimeControl "7200+10"]

1. d4 Nf6 2. c4 g6 3. Nc3 Bg7 4. e4 d6 5. Be2 O-O 6. Bg5 Na6 7. Qd2 e5 8.
d5 Qe8 9. Bd3 Nc5 10. Bc2 a5 11. Nge2 Nh5 12. O-O-O f5 13. f3 f4 14. Kb1
Bd7 15. Nc1 b5 16. cxb5 Bxb5 17. Nd3 Na6 18. Nxb5 Qxb5 19. Rc1 Rfb8 20. Bb3
a4 21. Bc4 Qb7 22. Qc3 Nb4 23. Nxb4 Qxb4 24. Qxb4 Rxb4 25. Rhd1 Bf6 26.
Bxf6 Nxf6 27. Bd3 Rab8 28. Rd2 R8b7 29. Ba6 Ra7 30. Bc8 Kf7 31. Rdc2 Ne8
32. Bd7 Rab7 33. a3 Rb3 34. Bxa4 Rxa3 35. Bxe8+ Kxe8 36. Rxc7 Rxc7 37. Rxc7
Re3 38. Rc2 g5 39. b4 g4 40. Ka2 gxf3 41. gxf3 Rd3 42. b5 Rd4 43. b6 Kd7
44. Rc7+ Kd8 45. Rxh7 Rb4 46. b7 { Black resigns } 1-0

[Event "ICC tourney 2316 (120 10)"]
[Site "Internet Chess Club"]
[Date "2021.01.16"]
[Round "2"]
[White "Mapking1"]
[Black "verutak"]
[Result "1-0"]
[ICCResult "Black resigns"]
[WhiteElo "1935"]
[BlackElo "2050"]
[Opening "French: Tarrasch, open variation"]
[ECO "C07"]
[NIC "FR.18"]
[Time "16:17:34"]
[PlyCount "77"]
[TimeControl "7200+10"]

1. e4 e6 2. d4 d5 3. Nd2 c5 4. Ngf3 Nf6 5. exd5 exd5 6. Bb5+ Bd7 7. Bxd7+
Nbxd7 8. O-O Be7 9. dxc5 Nxc5 10. Nb3 Nce4 11. Bf4 O-O 12. Nbd4 Qd7 13. Ne5
Qc8 14. Re1 Bc5 15. c3 Re8 16. f3 Qf5 17. Nd3 Bxd4+ 18. cxd4 Ng5 19. Rxe8+
Rxe8 20. h4 Ne6 21. g4 Nxg4 22. fxg4 Qe4 23. Be5 f6 24. Nf2 Qe3 25. Bh2
Nxd4 26. Kg2 Rc8 27. Qd3 Qxd3 28. Nxd3 Rc2+ 29. Kh3 Rd2 30. Nf4 g5 31. hxg5
fxg5 32. Nxd5 Nf3 33. Nf6+ Kf7 34. Ne4 Rxb2 35. Bb8 Kg6 36. Bxa7 h5 37.
gxh5+ Kxh5 38. Be3 Re2 39. Ng3+ { Black resigns } 1-0

[Event "ICC tourney 2316 (120 10)"]
[Site "Internet Chess Club"]
[Date "2021.01.16"]
[Round "2"]
[White "arsenicblast"]
[Black "PawnEatingZombi"]
[Result "0-1"]
[ICCResult "White forfeits on time"]
[WhiteElo "1989"]
[BlackElo "2190"]
[Opening "Caro-Kann: exchange variation"]
[ECO "B13"]
[NIC "CK.02"]
[Time "16:17:16"]
[PlyCount "82"]
[TimeControl "7200+10"]

1. e4 c6 2. d4 d5 3. exd5 cxd5 4. Bd3 Nc6 5. c3 Qc7 6. Nf3 Bg4 7. O-O e6 8.
h3 Bh5 9. g4 Bg6 10. Re1 Bd6 11. Ne5 Nxe5 12. dxe5 Bxe5 13. Qa4+ Kf8 14.
Bxg6 hxg6 15. f4 Bd6 16. Kg2 Ne7 17. Be3 a6 18. Na3 Rc8 19. Rad1 Kg8 20.
Rf1 Qc6 21. Qxc6 bxc6 22. Nc4 Bc7 23. Bc5 Re8 24. Nd6 Rb8 25. b4 Nc8 26.
Nxc8 Rxc8 27. c4 f5 28. g5 Kf7 29. Kg3 Rhd8 30. cxd5 Rxd5 31. Rxd5 exd5 32.
Re1 Re8 33. Rxe8 Kxe8 34. Kf3 a5 35. a3 axb4 36. axb4 Kf7 37. Ke3 Ke6 38.
Bd4 Bd6 39. Bxg7 Bxb4 40. Bb2 c5 41. Kd3 Be1 { White forfeits on time } 0-1

[Event "ICC tourney 2316 (120 10)"]
[Site "Internet Chess Club"]
[Date "2021.01.16"]
[Round "2"]
[White "shianen"]
[Black "albertyao"]
[Result "1-0"]
[ICCResult "Black resigns"]
[WhiteElo "2201"]
[BlackElo "1908"]
[Opening "King's Indian: orthodox variation"]
[ECO "E94"]
[NIC "KI.15"]
[Time "16:17:25"]
[PlyCount "73"]
[TimeControl "7200+10"]

1. d4 Nf6 2. c4 g6 3. Nc3 Bg7 4. e4 d6 5. Nf3 O-O 6. Be2 e5 7. O-O Na6 8.
d5 Nc5 9. Qc2 a5 10. Bg5 h6 11. Be3 Qe7 12. Nd2 Nfd7 13. b3 f5 14. f3 f4
15. Bf2 Nf6 16. a3 Na6 17. Rab1 g5 18. b4 axb4 19. axb4 h5 20. Na4 Bd7 21.
b5 Nc5 22. Nxc5 dxc5 23. b6 Qd6 24. bxc7 Qxc7 25. Ra1 g4 26. Ra2 Kh7 27.
Rfa1 Rxa2 28. Qxa2 Bh6 29. Qa7 g3 30. Be1 Rg8 31. Nb3 gxh2+ 32. Kxh2 Bh3
33. Nxc5 Qg7 34. Qxb7 Nd7 35. Bf1 Rb8 36. Qc7 Rb2 37. Kxh3 { Black resigns
} 1-0

[Event "ICC tourney 2316 (120 10)"]
[Site "Internet Chess Club"]
[Date "2021.01.16"]
[Round "2"]
[White "aarushnaveen"]
[Black "sriramk"]
[Result "0-1"]
[ICCResult "White resigns"]
[WhiteElo "1977"]
[BlackElo "2192"]
[Opening "Giuoco Piano"]
[ECO "C54"]
[NIC "IG.02"]
[Time "16:17:30"]
[PlyCount "140"]
[TimeControl "7200+10"]

1. e4 e5 2. Nf3 Nc6 3. Bc4 Bc5 4. c3 Nf6 5. d4 exd4 6. cxd4 Bb4+ 7. Bd2
Bxd2+ 8. Nbxd2 d5 9. exd5 Nxd5 10. Qb3 Nce7 11. O-O O-O 12. Rfe1 c6 13. Ne4
Nb6 14. Bd3 Be6 15. Qc3 Nbd5 16. Qd2 Ng6 17. Ng3 Ndf4 18. Bxg6 Nxg6 19. Ne5
Nxe5 20. Rxe5 Qd7 21. Rae1 Rad8 22. R1e4 Bd5 23. Rh4 f6 24. Reh5 g6 25.
Rxh7 Qxh7 26. Rxh7 Kxh7 27. Qf4 Rde8 28. Qh4+ Kg7 29. h3 Re1+ 30. Kh2 Rfe8
31. Qg4 Be6 32. Qf4 Bxa2 33. h4 R1e7 34. h5 Rh8 35. Qg4 Bb1 36. b4 Kf7 37.
Qf3 Ba2 38. Qd3 gxh5 39. b5 Bd5 40. bxc6 bxc6 41. Nf5 Rd7 42. Qg3 Rh7 43.
Qh3 Be6 44. Qd3 Rh8 45. Ne3 h4 46. f4 h3 47. g4 Rb7 48. d5 Rb2+ 49. Kh1
cxd5 50. f5 Bc8 51. Qxd5+ Kg7 52. Qd4 Bb7+ 53. Nd5 Bxd5+ 54. Qxd5 Re8 55.
Qd7+ Kf8 56. Qd6+ Kg8 57. Qd5+ Kh8 58. Qd1 Ree2 59. Qd8+ Kg7 60. Qc7+ Kf8
61. Qc5+ Re7 62. Qc3 Rb6 63. Qd2 Ke8 64. Qd5 Kf8 65. Qc5 Kf7 66. Qc3 Reb7
67. Qd4 Rb1+ 68. Kh2 R1b2+ 69. Kh1 R2b4 70. Qd1 Rb1 { White resigns } 0-1

[Event "ICC tourney 2316 (120 10)"]
[Site "Internet Chess Club"]
[Date "2021.01.16"]
[Round "2"]
[White "checkninja"]
[Black "dopolian"]
[Result "0-1"]
[ICCResult "White resigns"]
[WhiteElo "2007"]
[BlackElo "2267"]
[Opening "Giuoco Piano"]
[ECO "C50"]
[NIC "IG.02"]
[Time "16:17:15"]
[PlyCount "128"]
[TimeControl "7200+10"]

1. e4 e5 2. Nf3 Nc6 3. Bc4 Bc5 4. O-O Nf6 5. d3 O-O 6. h3 d5 7. exd5 Nxd5
8. Nbd2 Bb6 9. Re1 f6 10. Nf1 Be6 11. Ne3 Kh8 12. Nxd5 Bxd5 13. Bxd5 Qxd5
14. Be3 Rfd8 15. Qe2 Rd7 16. a3 Qf7 17. Rad1 Rad8 18. Bxb6 axb6 19. Rc1 b5
20. Qe4 Rd6 21. Kh2 R8d7 22. g4 Qa2 23. Rb1 b6 24. Nh4 Nd4 25. Nf5 Nxf5 26.
Qxf5 Qd5 27. Qe4 Qc5 28. Re2 Rd4 29. Qe3 Qd6 30. Qg3 h6 31. Rbe1 c5 32. Re4
c4 33. dxc4 bxc4 34. Qf3 b5 35. Rxd4 Qxd4 36. b3 Qd2 37. Re2 Qd1 38. bxc4
bxc4 39. g5 Rd2 40. Qa8+ Rd8 41. Qe4 Rd4 42. Qa8+ Kh7 43. Qe8 fxg5 44. Qxe5
Rf4 45. a4 Qf1 46. Qe3 Qa1 47. Qe8 Qa3 48. Qe3 Qxa4 49. c3 Qc6 50. Rd2 Qf3
51. Re2 Qxe3 52. fxe3 Rf1 53. e4 Rf3 54. e5 Kg8 55. e6 Kf8 56. e7+ Ke8 57.
Re4 Rxc3 58. Kg2 Rc1 59. Kf2 c3 60. Ke2 Rh1 61. Kd3 Rxh3+ 62. Kc2 Rf3 63.
Re6 Rf7 64. Kxc3 Rxe7 { White resigns } 0-1

[Event "ICC tourney 2316 (120 10)"]
[Site "Internet Chess Club"]
[Date "2021.01.16"]
[Round "2"]
[White "Assured"]
[Black "Ambuli123"]
[Result "1-0"]
[ICCResult "Black resigns"]
[WhiteElo "2552"]
[BlackElo "2159"]
[Opening "Nimzo-Indian: Fischer variation"]
[ECO "E43"]
[NIC "NI.12"]
[Time "16:17:20"]
[PlyCount "109"]
[TimeControl "7200+10"]

1. d4 Nf6 2. c4 e6 3. Nc3 Bb4 4. e3 b6 5. Nf3 Bb7 6. Bd2 c5 7. Bd3 O-O 8.
O-O cxd4 9. exd4 d5 10. cxd5 Nxd5 11. Re1 Be7 12. Rc1 Nd7 13. Qe2 N7f6 14.
Ne4 h6 15. Ne5 Rc8 16. Rcd1 Rc7 17. a3 a5 18. Bb1 Nxe4 19. Bxe4 Nf6 20.
Bxb7 Rxb7 21. Nc6 Qd5 22. Rc1 Rc7 23. Nb4 Qd7 24. Rxc7 Qxc7 25. Rc1 Qd7 26.
Nc6 Nd5 27. Qa6 Bd6 28. Qa7 Qxa7 29. Nxa7 Ra8 30. Nb5 Bf4 31. Bxf4 Nxf4 32.
Kf1 Kf8 33. g3 Nd5 34. Ke2 Ke7 35. Kd3 Kd7 36. h4 a4 37. Rc4 Ra5 38. Nc3
Nxc3 39. bxc3 Rf5 40. Ke3 Ra5 41. Rb4 Kc6 42. c4 g5 43. hxg5 hxg5 44. Ke4
Rf5 45. d5+ Kc5 46. f3 Rf6 47. Rb5+ Kxc4 48. d6 Rh6 49. Rxb6 Kc5 50. Ra6
Kb5 51. d7 Rh8 52. Rd6 Rd8 53. Kd4 f6 54. g4 Ka5 55. Kc5 { Black resigns }
1-0

[Event "ICC tourney 2316 (120 10)"]
[Site "Internet Chess Club"]
[Date "2021.01.17"]
[Round "3"]
[White "lmperatorX"]
[Black "albertyao"]
[Result "1-0"]
[ICCResult "Black resigns"]
[WhiteElo "2118"]
[BlackElo "1908"]
[Opening "Sicilian: Najdorf, Zagreb (fianchetto) variation"]
[ECO "B91"]
[NIC "SI.14"]
[Time "11:01:52"]
[PlyCount "39"]
[TimeControl "7200+10"]

1. e4 c5 2. Nf3 d6 3. d4 cxd4 4. Nxd4 Nf6 5. Nc3 a6 6. g3 e6 7. Bg2 Be7 8.
O-O O-O 9. Be3 Qc7 10. g4 Nc6 11. g5 Nd7 12. f4 Nxd4 13. Bxd4 Nb6 14. Qh5
g6 15. Qh6 e5 16. f5 Re8 17. fxg6 fxg6 18. Rf7 Kxf7 19. Qxh7+ Kf8 20. Rf1+
{ Black resigns } 1-0

[Event "ICC tourney 2316 (120 10)"]
[Site "Internet Chess Club"]
[Date "2021.01.17"]
[Round "3"]
[White "drberkley"]
[Black "AlexW2007"]
[Result "0-1"]
[ICCResult "White resigns"]
[WhiteElo "1952"]
[BlackElo "2083"]
[Opening "Sicilian: closed"]
[ECO "B23"]
[NIC "SI.44"]
[Time "11:01:46"]
[PlyCount "102"]
[TimeControl "7200+10"]

1. e4 c5 2. Nc3 d6 3. f4 g6 4. Nf3 Bg7 5. Bb5+ Bd7 6. Bxd7+ Qxd7 7. O-O e6
8. Qe1 Ne7 9. d3 Nbc6 10. a3 O-O 11. Ne2 b5 12. c3 f5 13. Be3 Rae8 14. Rd1
e5 15. fxe5 Nxe5 16. Nxe5 Bxe5 17. d4 cxd4 18. cxd4 Bg7 19. e5 Nd5 20. Nf4
Qb7 21. Nxd5 Qxd5 22. Qb4 dxe5 23. dxe5 Qc4 24. Qxc4+ bxc4 25. Bxa7 Bxe5
26. Bd4 Bxd4+ 27. Rxd4 Re2 28. Ra1 Rxb2 29. Rxc4 Rd8 30. Rb4 Rc2 31. a4
Rdd2 32. a5 Rxg2+ 33. Kh1 Rxh2+ 34. Kg1 Rcg2+ 35. Kf1 Rh1+ 36. Kxg2 Rxa1
37. Rb5 Kg7 38. Kf3 Kf6 39. Rb6+ Kg5 40. a6 h5 41. Kg3 Ra3+ 42. Kf2 h4 43.
Kg2 Kh5 44. Rf6 Ra5 45. Kf3 g5 46. Kf2 Kg4 47. Rb6 f4 48. Rc6 Ra2+ 49. Kf1
h3 50. Kg1 Kg3 51. Rc3+ f3 { White resigns } 0-1

[Event "ICC tourney 2316 (120 10)"]
[Site "Internet Chess Club"]
[Date "2021.01.17"]
[Round "3"]
[White "greenninja"]
[Black "creepycrawlies"]
[Result "0-1"]
[ICCResult "White checkmated"]
[WhiteElo "2025"]
[BlackElo "2187"]
[Opening "Sicilian: Najdorf"]
[ECO "B90"]
[NIC "SI.14"]
[Time "11:01:51"]
[PlyCount "58"]
[TimeControl "7200+10"]

1. e4 c5 2. Nf3 d6 3. d4 cxd4 4. Nxd4 Nf6 5. Nc3 a6 6. f3 e5 7. Nb3 Be6 8.
Be3 Nbd7 9. Qd2 b5 10. O-O-O Be7 11. Nd5 Bxd5 12. exd5 Nb6 13. Bxb6 Qxb6
14. Kb1 O-O 15. g4 a5 16. g5 Nh5 17. Bd3 Nf4 18. h4 Rfc8 19. Rdg1 a4 20.
Nc1 a3 21. b3 Qd4 22. c3 Rxc3 23. Rd1 Rac8 24. Rh2 Rxc1+ 25. Rxc1 Rxc1+ 26.
Kxc1 Nxd3+ 27. Kd1 Qg1+ 28. Kc2 Ne1+ 29. Kc3 Qc5# { White checkmated } 0-1

[Event "ICC tourney 2316 (120 10)"]
[Site "Internet Chess Club"]
[Date "2021.01.17"]
[Round "3"]
[White "analyst1"]
[Black "PawnEatingZombi"]
[Result "1-0"]
[ICCResult "Black resigns"]
[WhiteElo "2466"]
[BlackElo "2190"]
[Opening "Caro-Kann: classical, Spassky variation"]
[ECO "B19"]
[NIC "CK.12"]
[Time "11:01:53"]
[PlyCount "55"]
[TimeControl "7200+10"]

1. e4 c6 2. d4 d5 3. Nc3 dxe4 4. Nxe4 Bf5 5. Ng3 Bg6 6. h4 h6 7. Nf3 Nd7 8.
h5 Bh7 9. Bd3 Bxd3 10. Qxd3 e6 11. Bd2 Ngf6 12. O-O-O Be7 13. Kb1 Qb6 14.
c4 Rd8 15. Qc2 O-O 16. Bf4 Qa5 17. Nf1 b5 18. c5 Nd5 19. Bd2 Qc7 20. g4 e5
21. g5 hxg5 22. Nxg5 Bxg5 23. Bxg5 Rde8 24. Ne3 exd4 25. Nxd5 cxd5 26. h6
f5 27. hxg7 Kxg7 28. Rdg1 { Black resigns } 1-0

[Event "ICC tourney 2316 (120 10)"]
[Site "Internet Chess Club"]
[Date "2021.01.17"]
[Round "3"]
[White "RogerZ"]
[Black "Kingforce"]
[Result "1-0"]
[ICCResult "Black resigns"]
[WhiteElo "1930"]
[BlackElo "2017"]
[Opening "Sicilian: Nimzovich-Rossolimo attack (without ...d6)"]
[ECO "B30"]
[NIC "SI.31"]
[Time "11:01:43"]
[PlyCount "47"]
[TimeControl "7200+10"]

1. e4 c5 2. Nf3 Nc6 3. Bb5 e6 4. O-O Nge7 5. d4 cxd4 6. Nxd4 a6 7. Be2 Ng6
8. Nc3 Be7 9. Be3 O-O 10. f4 Nxd4 11. Qxd4 d6 12. Rad1 b5 13. e5 dxe5 14.
Qe4 Qc7 15. Qxa8 exf4 16. Qa7 Qe5 17. Bd4 Qg5 18. Ne4 Qf5 19. Bd3 e5 20.
Nd6 Qg4 21. Nxc8 Rxc8 22. Bxg6 Qg5 23. Qd7 Rd8 24. Qf5 { Black resigns }
1-0

[Event "ICC tourney 2316 (120 10)"]
[Site "Internet Chess Club"]
[Date "2021.01.17"]
[Round "3"]
[White "mhebden"]
[Black "Yucheng"]
[Result "1-0"]
[ICCResult "Black resigns"]
[WhiteElo "2503"]
[BlackElo "1889"]
[Opening "QGD: Chigorin defense"]
[ECO "D07"]
[NIC "QP.08"]
[Time "11:01:43"]
[PlyCount "87"]
[TimeControl "7200+10"]

1. d4 d5 2. c4 Nc6 3. Nf3 Bg4 4. Nc3 e6 5. Bf4 a6 6. cxd5 exd5 7. e3 Nf6 8.
Be2 Bb4 9. h3 Bf5 10. O-O O-O 11. Rc1 h6 12. Ne5 Nxe5 13. dxe5 Bxc3 14.
Rxc3 Ne4 15. Rc1 Ng5 16. Bxg5 hxg5 17. Qb3 Rb8 18. f4 gxf4 19. exf4 f6 20.
Bf3 c6 21. Rce1 fxe5 22. Rxe5 Qd7 23. Bxd5+ cxd5 24. Rxd5 Qf7 25. Rxf5 Qxb3
26. Rxf8+ Kxf8 27. axb3 Rc8 28. Rf2 Rc6 29. Kh2 Ke7 30. Re2+ Kf7 31. g4 Rb6
32. Re3 Rd6 33. f5 Rd2+ 34. Kg3 Rxb2 35. Kf4 b5 36. Kg5 a5 37. Rc3 a4 38.
bxa4 bxa4 39. Rc7+ Kf8 40. Ra7 Rb4 41. Kh5 Rb3 42. h4 a3 43. g5 Rc3 44. Kg6
{ Black resigns } 1-0

[Event "ICC tourney 2316 (120 10)"]
[Site "Internet Chess Club"]
[Date "2021.01.17"]
[Round "3"]
[White "verutak"]
[Black "yanzhe"]
[Result "0-1"]
[ICCResult "White resigns"]
[WhiteElo "2050"]
[BlackElo "1929"]
[Opening "QGD: exchange, positional line, 6.Qc2"]
[ECO "D36"]
[NIC "QO.16"]
[Time "11:01:56"]
[PlyCount "70"]
[TimeControl "7200+10"]

1. d4 d5 2. c4 e6 3. Nc3 Nf6 4. cxd5 exd5 5. Bg5 c6 6. Qc2 Be7 7. e3 O-O 8.
Bd3 Nbd7 9. Nge2 Re8 10. O-O h6 11. Bh4 Ne4 12. Bxe7 Qxe7 13. Bxe4 dxe4 14.
Ng3 Nf6 15. Na4 Nd5 16. Nc5 f5 17. Nb3 g5 18. Rae1 g4 19. Na5 Qg5 20. Nc4
Re7 21. f3 gxf3 22. gxf3 Nxe3 23. Rxe3 f4 24. Kh1 fxe3 25. fxe4 Bh3 26. Rg1
Rg7 27. Qb3 Kh8 28. Nxe3 Rf8 29. Nef5 Bxf5 30. exf5 Rxf5 31. Ne2 Qe7 32.
Rxg7 Kxg7 33. Ng3 Rf2 34. Qc3 Qh4 35. Nh5+ Kg6 { White resigns } 0-1

[Event "ICC tourney 2316 (120 10)"]
[Site "Internet Chess Club"]
[Date "2021.01.17"]
[Round "3"]
[White "Chessking2008"]
[Black "blueeagle405"]
[Result "1/2-1/2"]
[ICCResult "Game drawn by repetition"]
[WhiteElo "2200"]
[BlackElo "1998"]
[Opening "English: symmetrical variation"]
[ECO "A30"]
[NIC "EO.64"]
[Time "11:02:03"]
[PlyCount "165"]
[TimeControl "7200+10"]

1. c4 c5 2. Nf3 Nc6 3. d4 cxd4 4. Nxd4 Nf6 5. Nc3 d6 6. e4 g6 7. Be2 Nxd4
8. Qxd4 Bg7 9. Be3 O-O 10. Qd2 Be6 11. f3 Qa5 12. Rc1 Rfc8 13. b3 a6 14.
Na4 Qxd2+ 15. Kxd2 Nd7 16. f4 Rab8 17. Nc3 Nc5 18. Bf3 b5 19. Nd5 Kf8 20.
b4 Na4 21. cxb5 axb5 22. Ba7 Rb7 23. Rxc8+ Bxc8 24. Rc1 Be6 25. Be3 Bb2 26.
Rc6 Bxd5 27. exd5 Ba3 28. Rc8+ Kg7 29. Bd4+ f6 30. Bc3 Nxc3 31. Kxc3 Bc1
32. g3 Be3 33. Kb3 Bg1 34. Rc2 Kf7 35. h3 Rb8 36. g4 Be3 37. f5 g5 38. Be2
Ke8 39. Rc6 Kd8 40. Bf1 Bd4 41. a3 Be3 42. Ra6 Kc7 43. Ra5 Bb6 44. Rxb5 Rc8
45. a4 Ra8 46. Be2 Rd8 47. a5 Be3 48. Ka4 Ra8 49. Bd1 Bf2 50. Ka3 Be3 51.
Ba4 Bf2 52. Kb3 Be3 53. Kc4 Bf2 54. Kd3 Bg1 55. Ke2 Bd4 56. Kf3 Bg1 57. Kg3
Bd4 58. h4 h6 59. h5 Be3 60. Kf3 Bd4 61. Ke4 Bf2 62. Kd3 Bg1 63. Kc4 Bf2
64. Bc2 Bg1 65. Bd3 Bf2 66. Kb3 Be3 67. Ka4 Bf2 68. a6 Rxa6+ 69. Ra5 Ra7
70. Kb5 Bb6 71. Ra6 Rxa6 72. Kxa6 Bf2 73. Bb5 Bg1 74. Bc6 Bf2 75. b5 Bb6
76. Be8 Bf2 77. Bc6 Bb6 78. Be8 Bf2 79. Bc6 Bb6 80. Ba8 Bf2 81. Bc6 Bb6 82.
Ba8 Bf2 83. Bc6 { Game drawn by repetition } 1/2-1/2

[Event "ICC tourney 2316 (120 10)"]
[Site "Internet Chess Club"]
[Date "2021.01.17"]
[Round "3"]
[White "ahu1015"]
[Black "Heliosis"]
[Result "1-0"]
[ICCResult "Black resigns"]
[WhiteElo "1993"]
[BlackElo "1913"]
[Opening "Ruy Lopez: Anderssen variation"]
[ECO "C77"]
[NIC "RL.12"]
[Time "11:01:53"]
[PlyCount "41"]
[TimeControl "7200+10"]

1. e4 e5 2. Nf3 Nc6 3. Bb5 a6 4. Ba4 Nf6 5. d3 b5 6. Bb3 Bc5 7. Nc3 d6 8.
Nd5 h6 9. c3 Ba7 10. h3 Bd7 11. O-O O-O 12. Be3 Na5 13. Nxf6+ Qxf6 14. Bc2
Nc6 15. b4 Ne7 16. d4 Be6 17. a4 Rfd8 18. axb5 Bc4 19. Bd3 Bxb5 20. Bxb5
axb5 21. Rxa7 { Black resigns } 1-0